AoeStats
← Fries

African Clearing

510362502Analyzed
4v4 RM · 1d ago on Sep 30, 2026· 29m 43s· 8 players
Game mode
Random Map
Map size
Large (8 player)
Population
200
Speed
Normal
Resources
Standard
Victory
Conquest
Starting age
Dark Age
Ending age
Imperial Age
RankedLock teamsTeams togetherTeam positionsShared explorationLock speedFull tech treeHidden civsTurbo modeCheats
Victory
Defeat
🇹🇼 Koreans · Taiwan
1547
+13
🇨🇳 Persians · China
1536
+13
🇨🇳 Huns · China
1505
+14
🇬🇧 Varangians · United Kingdom
1389
+19
🇨🇦 Danes · Canada
1483
-15
🇨🇳 Berbers · China
1483
-15
🇨🇳 Varangians · China
1463
-15
🇭🇰 Wei · Hong Kong SAR China
1458
-14
Hugh Jayniss
7:14 Loom
14:12 Feudal Age
15:25 Town Watch
18:07 Castle Age
16:28 Fletching
18:24 Double-Bit Axe
27:26 Bodkin Arrow
enzoyin68
13:05 Feudal Age
13:25 Loom
16:53 Castle Age
15:21 Stone Mining
21:12 Fletching
21:42 Double-Bit Axe
28:35 Ballistics
Alt + F4 | UncleJack
3:55 Loom
13:06 Feudal Age
14:41 Double-Bit Axe
17:14 Castle Age
15:36 Scale Mail Armor
17:08 Forging
18:18 Squires
24:12 Fletching
江哥
11:23 Loom
13:11 Feudal Age
20:59 Double-Bit Axe
28:49 Castle Age
27:09 Gold Mining
ryocallan
8:18 Loom
12:42 Feudal Age
16:19 Castle Age
14:16 Double-Bit Axe
15:40 Scale Mail Armor
16:26 Forging
20:53 Squires
24:18 Chain Mail Armor
Fries
10:33 Loom
11:23 Loom
13:09 Feudal Age
17:35 Castle Age
15:27 Double-Bit Axe
18:37 Bow Saw
21:40 Fletching
24:10 Wheelbarrow
25:08 Bodkin Arrow
26:53 Ballistics
啥牌子的
5:16 Loom
22:50 Feudal Age
26:24 Castle Age
24:16 Double-Bit Axe
24:38 Gold Mining
24:36 Horse Collar
25:51 Town Watch
28:02 Wheelbarrow
27:46 Bow Saw
28:11 Heavy Plow
28:34 Stone Mining
8080
5:55 Loom
12:17 Feudal Age
13:25 Town Watch
16:25 Castle Age
14:57 Double-Bit Axe
15:11 Fletching
17:01 Bodkin Arrow
26:36 Padded Archer Armor
27:25 Ballistics
27:15 Horse Collar
28:58 Bloodlines
30:03 Husbandry
Connection lost

Rejoining the realm…

Still unreachable

The connection could not be restored.

Session expired

The server has moved on; the page needs a fresh start.